 Dungeon Crawl Stone Soup version 0.21-a0-356-g45b0a09 (webtiles) character file.

974 tof the Twirler (level 8, -4/61 HPs)
             Began as a Barachi Gladiator on Oct 12, 2017.
             Was a Follower of Wu Jian.
             Slain by Duvessa
             ... wielding a +5 short sword of freezing
              (15 damage)
             ... on level 5 of the Dungeon.
             The game lasted 00:11:19 (5447 turns).

tof the Twirler (Barachi Gladiator)                 Turns: 5447, Time: 00:11:20

Health: -4/61      AC: 15    Str: 15    XL:     8   Next: 16%
Magic:  8/8        EV: 13    Int: 10    God:    Wu Jian [*.....]
Gold:   129        SH:  0    Dex: 15    Spells: 7/7 levels left

rFire    . . .     SeeInvis .   a - +1 quarterstaff
rCold    + . .     Gourm    .   (shield currently unavailable)
rNeg     . . .     Faith    .   C - +5 ring mail {rC+}
rPois    .         Spirit   .   c - +0 helmet
rElec    .         Reflect  .   i - +2 cloak
rCorr    +         Harm     .   (no gloves)
MR       +....                  (no boots)
Stlth    +.........             (no amulet)
HPRegen  0.20/turn              h - ring of resist corrosion
MPRegen  0.11/turn              r - ring of protection from magic

@: lethally poisoned (-4 -> -8), slow
A: +LOS, swims, slowness 1, strong legs 1
a: Hop, Renounce Religion


You were on level 5 of the Dungeon.
You worshipped Wu Jian.
Wu Jian was aware of your devotion.
You were not hungry.

You visited 1 branch of the dungeon, and saw 5 of its levels.
You also visited: Sewer.

You collected 129 gold pieces.

Inventory:

Hand Weapons
 a - a +1 quarterstaff (weapon)
Missiles
 d - 3 throwing nets
 l - 3 needles of frenzy
 B - 5 tomahawks (quivered)
Armour
 b - a scarf of spirit shield
 c - a +0 helmet (worn)
 i - a +2 cloak (worn)
 C - a +5 ring mail of cold resistance (worn)
Jewellery
 h - a ring of resist corrosion (left hand)
 r - a ring of protection from magic (right hand)
Wands
 o - a wand of iceblast (5/15)
Scrolls
 g - 2 scrolls of fog {unknown}
 j - 3 scrolls of identify {unknown}
 k - a scroll of recharging {unknown}
 q - 2 scrolls of teleportation
 s - a scroll of magic mapping {unknown}
 u - 3 scrolls of enchant weapon
 w - a scroll of amnesia {unknown}
 y - a scroll of remove curse
 A - 2 scrolls of blinking {unknown}
Potions
 e - 2 potions of cancellation {unknown}
 m - 7 potions of curing {unknown}
 v - a potion of mutation {unknown}
 x - 2 potions of heal wounds {unknown}
 z - a potion of lignification {unknown}
 D - a potion of resistance {unknown}
Books
 p - a book of Clouds

   Spells                             Type                      Level
   a - Poisonous Vapours              Poison/Air                   2
   b - Mephitic Cloud                 Conjuration/Poison/Air       3
   c - Conjure Flame                  Conjuration/Fire             3
   d - Freezing Cloud                 Conjuration/Ice/Air          6
   e - Ring of Flames                 Charms/Fire                  7
Comestibles
 f - 3 bread rations
 n - 2 royal jellies
 t - 2 meat rations


   Skills:
 + Level 4.9 Fighting
 * Level 6.5 Staves
 + Level 4.0 Throwing
 * Level 5.0 Armour
 + Level 5.0 Dodging


You had 7 spell levels left.
You didn't know any spells.

Dungeon Overview and Level Annotations

Branches:
Dungeon (5/15)             Temple (0/1) D:5

Altars:
Cheibriados
Dithmenos
Hepliaklqana
Kikubaaqudgha
Makhleb
Okawaru
Ru
Trog
Vehumet
Wu Jian
Xom
The Shining One

Shops:
D:4 [[(=

Annotations:
D:5 Duvessa


Innate Abilities, Weirdness & Mutations

Shadows flee at your approach. (+LOS)
You can swim through water.
You cover ground slowly.
You can hop short distances.


Message History

You closely miss Duvessa. Duvessa barely misses you. x2
You hit Duvessa.
Duvessa is lightly wounded.
You feel sick. Duvessa hits you but does no damage.
You completely miss Duvessa.
Duvessa is lightly wounded.
You feel sick.
Duvessa hits you with a short sword of freezing.
Duvessa hits you with a short sword of freezing!
* * * LOW HITPOINT WARNING * * *
Duvessa freezes you.
* * * LOW HITPOINT WARNING * * *
You hit Duvessa but do no damage.
Duvessa is lightly wounded.
Duvessa hits you but does no damage.
You thump Duvessa!
Duvessa is moderately wounded.
You feel sick.
Duvessa hits you with a short sword of freezing!
You die...

# #................ ##
#............... .######
#..............# ...##.#
#..............#
##....###
#.............#
##.....#####...........#
#####....####.........#
###....###e#.....##
####....@# ##..# ###...#
# ###.## ##.## #..#
##.## ##.#### #.##.#
###...##


You could see Duvessa (berserk).

Vanquished Creatures
  An ice beast (D:5)
  An ogre (D:4)
  A crocodile (Sewer)
  Blork the orc (D:4)
  Dowan (D:5)
  2 scorpions
  A howler monkey (D:5)
  A crimson imp (D:3)
  A jelly (D:5)
  A quasit (D:5)
  A bullfrog skeleton (D:4)
  2 centaur skeletons
  An orc priest (D:5)
  Terence (D:3)
  2 worker ants (D:5)
  A hound skeleton (D:5)
  8 adders
  3 river rats (D:3)
  4 worms
  A dart slug (D:4)
  6 orcs
  2 giant cockroaches
  6 goblins
  5 hobgoblins
  8 jackals
  A quokka (D:2)
  6 bats
  7 frilled lizards
  6 kobolds
  A leopard gecko skeleton (D:5)
  7 rats
90 creatures vanquished.

Notes
Turn   | Place    | Note
-------+----------+-------------------------------------------
     0 | D:1      | tof the Barachi Gladiator began the quest for the Orb.
     0 | D:1      | Reached XP level 1. HP: 17/17 MP: 1/1
   321 | D:1      | Reached XP level 2. HP: 19/23 MP: 2/2
   814 | D:2      | Reached XP level 3. HP: 27/28 MP: 3/3
   994 | D:2      | Reached skill level 1 in Armour
  1264 | D:2      | Reached skill level 4 in Staves
  1318 | D:3      | Reached XP level 4. HP: 35/35 MP: 4/4
  1627 | D:3      | Found a glowing drain.
  1664 | Sewer    | Entered a sewer
  1922 | Sewer    | Noticed a crocodile
  1932 | Sewer    | Killed a crocodile
  1932 | Sewer    | Reached XP level 5. HP: 26/41 MP: 5/5
  2605 | D:3      | Found a sacrificial altar of Ru.
  2764 | D:3      | Found a shadowy altar of Dithmenos.
  2764 | D:3      | Noticed Terence
  2770 | D:3      | Killed Terence
  2770 | D:3      | Reached skill level 5 in Staves
  2770 | D:3      | Reached XP level 6. HP: 40/48 MP: 6/6
  3044 | D:3      | Found a burning altar of Makhleb.
  3044 | D:3      | Found a shimmering altar of Xom.
  3312 | D:4      | Found Bulat's Antique Armour Boutique.
  3341 | D:4      | Found Jenepo Beta's Armour Shoppe.
  3435 | D:4      | Found a bloodstained altar of Trog.
  3629 | D:4      | Found Ecouq's Antique Weapon Shoppe.
  3768 | D:4      | Reached XP level 7. HP: 26/54 MP: 7/7
  4012 | D:4      | Found Xuvais's Jewellery Boutique.
  4014 | D:4      | Noticed Blork the orc
  4031 | D:4      | Killed Blork the orc
  4235 | D:4      | Found an ornate altar of the Wu Jian Council.
  4252 | D:4      | Became a worshipper of the Wu Jian Council
  4293 | D:4      | Found a snail-covered altar of Cheibriados.
  4327 | D:4      | Found a glowing golden altar of the Shining One.
  4327 | D:4      | Found a radiant altar of Vehumet.
  4332 | D:4      | Found a hazy altar of Hepliaklqana.
  4334 | D:4      | Found an iron altar of Okawaru.
  4336 | D:4      | Found a faded altar of an unknown god.
  4629 | D:5      | Entered Level 5 of the Dungeon
  4735 | D:5      | Reached skill level 6 in Staves
  4786 | D:5      | Found a staircase to the Ecumenical Temple.
  4798 | D:5      | Found an ancient bone altar of Kikubaaqudgha.
  5315 | D:5      | Reached XP level 8. HP: 54/61 MP: 8/8
  5379 | D:5      | Reached * piety under Wu Jian
  5379 | D:5      | Reached skill level 5 in Dodging
  5391 | D:5      | Found a shimmering altar of Xom.
  5394 | D:5      | Noticed Duvessa
  5395 | D:5      | Noticed Dowan
  5440 | D:5      | Killed Dowan
  5440 | D:5      | Reached skill level 5 in Armour
  5447 | D:5      | Slain by Duvessa

Vault maps used:
D:1:      minmay_arrival_checkered_box, minmay_tree_intersection
D:3:      grunt_temple_overflow_champion_of_chaos, nicolae_ru_awakened_eye,
          nicolae_dithmenos_shadow_blocks, lightli_sewer_entry_pipes,
          uniq_terence
D:4:      overflow_temple_1_default, lightli_temple_of_fire,
          kennysheep_mini_moat, chequers_temple_overflow_minitemple,
          serial_shops, shop, shop_statue, shop, shop, uniq_blork_the_orc
D:5:      kiku_gazebo_pond_becter, minmay_temple_entry_mist, first_bread,
          basic_altar, hex_medium, uniq_duvessa
Sewer:    sewer_the_crocodile

Skill      XL: |  1  2  3  4  5  6  7  8 |
---------------+-------------------------+-----
Armour         | 1 2 3 4 5 |  5.0
Staves         | 4 5 6 |  6.5
Fighting       | 3 4 |  4.9
Dodging        | 4 5 |  5.0
Throwing       | 3 4 |  4.0

Action                   |  1- 3 |  4- 6 |  7- 9 || total
-------------------------+-------+-------+-------++-------
Melee: Quarterstaff      |    87 |   186 |   126 ||   399
  Use: Potion            |       |     1 |       ||     1
       Scroll            |       |     1 |     7 ||     8
  Eat: Chunk             |     2 |     8 |     2 ||    12
       Bread ration      |       |       |     1 ||     1
Armor: Leather armour    |    39 |    34 |       ||    73
       Ring mail         |       |    25 |    83 ||   108
Dodge: Dodged            |    70 |   122 |   143 ||   335

Table legend:
 A = Spawn XP
 B = Non-spawn XP
 C = Spawn XP percentage of total XP
 D = Spawn monster count
 E = Non-spawn monster count
 F = Spawn count percentage of total count
 G = Total turns spent on level
                    A         B        C        D         E        F      G
               +---------+---------+-------+---------+---------+-------+---------
         Total |       0 |    1392 |   0.0 |       0 |      90 |   0.0 |  5447
               +---------+---------+-------+---------+---------+-------+---------
           D:1 |       0 |      16 |   0.0 |       0 |      10 |   0.0 |   609
           D:2 |       0 |      49 |   0.0 |       0 |      20 |   0.0 |   670
           D:3 |       0 |     240 |   0.0 |       0 |      29 |   0.0 |  1465
           D:4 |       0 |     391 |   0.0 |       0 |       8 |   0.0 |  1317
           D:5 |       0 |     585 |   0.0 |       0 |      17 |   0.0 |   818
         Sewer |       0 |     111 |   0.0 |       0 |       6 |   0.0 |   568
               +---------+---------+-------+---------+---------+-------+---------
